 Dungeon Crawl Stone Soup version 0.16-a0-1823-g489f3f1 (webtiles) character file.

337507 Frogmyte the End of an Era (level 21, -10/137 HPs)
             Began as a High Elf Air Elementalist on Nov 4, 2014.
             Was the Champion of Qazlal.
             Mangled by a war gargoyle
             ... wielding a +0 flail
              (20 damage)
             ... on level 5 of the Vaults on Nov 5, 2014.
             The game lasted 08:45:01 (57649 turns).

Frogmyte the End of an Era (HEAE)                  Turns: 57649, Time: 08:45:02

Health: -10/137    AC: 22    Str: 12    XL:     21   Next: 1%
Magic:  25/41      EV: 28    Int: 26    God:    Qazlal [******]
Gold:   2189       SH:  8    Dex: 22    Spells: 11 memorised, 2 levels left

rFire  + . .     SeeInvis +     a - +5 lajatang (speed)
rCold  + . .     Clarity  .     Y - +3 leather armour {MR+}
rNeg   . . .     SustAb   .     (no shield)
rPois  .         Gourm    .     s - +2 helmet
rElec  .         Spirit   .     m - +2 cloak "Brus" {rC+ rCorr Dex-2 Stlth+}
rCorr  +         Warding  .     E - +0 pair of gloves
rMut   .         Stasis   .     y - +2 pair of boots
MR     +++..                    n - amulet of regeneration
Stlth  +.........               B - ring of see invisible
                                k - ring of Vetios {Str+4 Dex+4 Stlth-}

@: protected from physical damage, deflect missiles, extremely resistant to
hostile enchantments, very unstealthy
A: fire resistance 1
a: Upheaval, Elemental Force, Disaster Area, Renounce Religion
}: 2/15 runes: barnacled, gossamer


You were on level 5 of the Vaults.
You worshipped Qazlal.
Qazlal was exalted by your worship.
You were hungry.

You visited 7 branches of the dungeon, and saw 43 of its levels.
You also visited: Wizlab.

You collected 4959 gold pieces.
You spent 2770 gold pieces at shops.

Inventory:

Hand weapons
 a - a +5 lajatang of speed (weapon)
 x - the +2 long sword of Wrongful Imprisonment {slice, rF++ rC++ Str-4}
   (You found it on level 12 of the Dungeon)

   It inflicts extra damage upon your enemies.
   It affects your strength (-4).
   It greatly protects you from fire.
   It greatly protects you from cold.
Armour
 m - the +2 cloak "Brus" (worn) {rC+ rCorr Dex-2 Stlth+}
   (You found it on level 5 of the Shoals)

   It affects your dexterity (-2).
   It protects you from cold.
   It protects you from acid and corrosion.
   It makes you more stealthy.
 s - a +2 helmet (worn)
 y - a +2 pair of boots (worn)
 E - a +0 pair of gloves (worn)
 Y - a +3 leather armour of magic resistance (worn)
Jewellery
 e - an uncursed ring of sustain abilities {unknown}
 k - the ring of Vetios (left hand) {Str+4 Dex+4 Stlth-}
   (You found it on level 5 of the Shoals)

   [ring of loudness]

   It affects your strength (+4).
   It affects your dexterity (+4).
   It makes you less stealthy.
 n - an amulet of regeneration (around neck)
 A - an uncursed amulet of the gourmand
 B - a ring of see invisible (right hand)
Magical devices
 c - a wand of lightning (5)
 d - a wand of lightning (5)
 t - a wand of lightning (6)
 N - a wand of teleportation (9)
 O - a wand of heal wounds (0)
 Q - a wand of lightning (3)
 U - a wand of disintegration (16)
Scrolls
 g - 2 scrolls of teleportation
 l - 11 scrolls of remove curse
 q - a scroll of fog
 P - 3 scrolls of identify
Potions
 b - 4 potions of resistance
 f - 3 potions of magic
 v - a potion of invisibility
 z - 7 potions of curing
 D - 3 potions of cancellation
 K - 2 potions of haste
Miscellaneous
 M - a lantern of shadows
Comestibles
 w - 12 royal jellies
 J - 16 fruits
 R - 8 slices of pizza


   Skills:
 - Level 10.0 Fighting
 - Level 14.0 Staves
 - Level 10.0 Armour
 - Level 17.1 Dodging
 - Level 2.1 Stealth
 - Level 13.2 Spellcasting
 - Level 10.0 Conjurations
 - Level 10.1 Ice Magic
 + Level 16.6 Air Magic
 - Level 4.8 Poison Magic
 - Level 19.1 Invocations


You had 2 spell levels left.
You knew the following spells:

 Your Spells              Type           Power        Failure   Level  Hunger
a - Shock                 Conj/Air       ####         0%          1    None
b - Swiftness             Chrm/Air       ######..     1%          2    None
c - Repel Missiles        Chrm/Air       ######       1%          2    None
d - Static Discharge      Conj/Air       ######..     1%          3    None
e - Lightning Bolt        Conj/Air       ######....   1%          5    ##.....
f - Freezing Cloud        Conj/Ice/Air   ######....   3%          6    #####..
g - Flight                Chrm/Air       ######....   1%          3    None
h - Blink                 Tloc           N/A          6%          2    None
i - Deflect Missiles      Chrm/Air       ######....   17%         6    #####..
j - Poisonous Cloud       Conj/Pois/Air  ######....   10%         6    #####..
k - Chain Lightning       Conj/Air       ######....   87%         8    #######


Dungeon Overview and Level Annotations

Branches:
Dungeon (15/15)            Temple (1/1) D:5            Lair (8/8) D:8
 Shoals (5/5) Lair:4       Spider (5/5) Lair:3        Slime (0/6) Lair:8
    Orc (4/4) D:11            Elf (0/3) Orc:4        Vaults (5/5) D:14
  Crypt (0/3) Vaults:3     Depths (0/5) D:15

Altars:
Ashenzari
Cheibriados
Dithmenos
Elyvilon
Fedhas
Gozag
Kikubaaqudgha
Makhleb
Nemelex Xobeh
Okawaru
Qazlal
Ru
Sif Muna
Trog
Vehumet
Xom
Yredelemnul
Zin
The Shining One
Beogh

Shops:
D:4 [   D:6 *   D:7 *   Orc:2 *   Orc:4 %!:*}

Annotations:
Lair:6 exclusion: oklob plant
Vaults:5 Boris


Innate Abilities, Weirdness & Mutations

Your flesh is heat resistant.


Message History

You feel much better.
This wand has 0 charges left.
The war gargoyle completely misses you.
The fire giant is engulfed in freezing vapours.
The fire giant hits you with a great sword of flaming!!
* * * LOW HITPOINT WARNING * * *
You feel more protected from physical attacks.
The fire giant burns you.
* * * LOW HITPOINT WARNING * * *
The yaktaur captain is engulfed in freezing vapours.
The yaktaur captain completely misses you.
The ironbrand convoker is engulfed in freezing vapours.
The titan is engulfed in freezing vapours.
The vault guard shouts!
The war gargoyle launches metal splinters at you.
The spray of metal splinters misses you.
The yaktaur captain is engulfed in freezing vapours.
The ironbrand convoker is engulfed in freezing vapours.
The titan is engulfed in freezing vapours.
The war gargoyle hits you with a flail!!
You die...

*,,,*,#)#.#.#.#.#D#p#(#,*.#.#....
*,,*,#.#.#.#.#.#.#(#.#,*,*.#.#...
*,,*#.#.#.#.#.#O#.#.#.#,*,*,*#...
*,,#.#.#!#.#.#O#.#.#.#|#,*,*,#§..
*,,##.#.#.#.#.#(#.#(#.#.#,*,*#..C
*,,#.#.#.#.#.#.#.#p#.#D#.#,*,#.9.
*,,##.#.#.#.#.#c#.#.#.#.#.#,*#§..
*,,#.#.#.#.#.#§#§#.#?#.#.#,*,#...
*,,*#.#.#,#,#§#C@§#,#,#.#,*,*#...
*,,*,#.#,*,#§#p#9#C#,*,#,*,*,#...
*,,**,#,*,#§#C#.#.#y#,*,*,*,*#...
*,,*,*,*,#§#§#.#,#.#.#,*,*,*,#...
*,,**,*,#.#*#.#,*,#.#.#,*,*,*#...
*,,*,*,*,#.#Q#,*,*,#.#.*,*,*,#...
*,,**,*,*,#.#,*,*,*,#.*,*,*.*#...
*,,*,*,*,*,*,*,*,*,*,*,*,*,#.#...
*,,,*,*,*,*,*,*,*,*,*,*,*,*,#...c


You could see a titan, a fire giant, a stone giant, a tengu reaver, a yaktaur
captain, a caustic bee (wandering), a vault guard, a war gargoyle and an
ironbrand convoker.

Vanquished Creatures
  Mara (Shoals:4)
  A Cloud Mage (WizLab)
  Asterion (Shoals:2)
  A titan (Vaults:4)
  A sphinx (Vaults:3)
  A lich (Vaults:1)
  Polyphemus (Shoals:3)
  2 octopode crushers (Shoals:1)
  Rupert (Lair:5)
  Frances (Shoals:3)
  A revenant (Vaults:3)
  Ilsuiw (Shoals:5)
  A fire giant (Vaults:4)
  5 vault wardens
  Donald (Lair:4)
  2 ghost moths
  A deep elf sorcerer (Vaults:3)
  6 emperor scorpions
  A very ugly thing (Vaults:2)
  Jorgrun (Shoals:5)
  2 war gargoyles (Vaults:4)
  The ghost of chequers the Brawler, a powerful TrMo of Okawaru (D:11)
  13 stone giants
  3 deep elf demonologists
  2 deep elf annihilators
  3 ettins
  Snorg (Lair:3)
  4 merfolk javelineers
  12 ironheart preservers
  9 yaktaur captains
  12 merfolk impalers
  3 great orbs of eyes
  32 vault guards
  Fannar (Lair:1)
  A fire dragon (Lair:8)
  2 deep elf high priests
  10 hydras
  5 ice dragons
  Harold (Orc:2)
  Nessos (Spider:2)
  6 merfolk avatars
  An alligator snapping turtle (Shoals:5)
  Erica (Orc:2)
  8 death yaks
  9 centaur warriors
  5 satyrs
  A dancing weapon (Vaults:4)
  8 merfolk aquamancers
  An anaconda (shapeshifter) (Vaults:3)
  9 ogre magi
  5 orc high priests (Orc:4)
  A tengu warrior (D:14)
  A vampire mage (D:14)
  Urug (D:11)
  A catoblepas (Shoals:2)
  4 fire crabs
  A soul eater (Vaults:3)
  Nergalle (D:10)
  9 skeletal warriors
  A wizard (D:11)
  A shadow wraith (Vaults:4)
  7 unseen horrors
  A deep elf knight (Vaults:2)
  A shadow dragon zombie (D:15)
  A deep elf summoner (Vaults:4)
  3 necromancers
  7 sea snakes
  Erolcha (D:10)
  4 hill giants
  13 ironbrand convokers
  A mana viper (shapeshifter) (Vaults:5)
  3 giant orange brains
  A phantasmal warrior (Vaults:4)
  A deep elf conjurer (Vaults:3)
  16 harpies
  An oklob plant (Lair:6)
  22 orb spiders
  16 griffons
  8 red wasps
  A moth of wrath (Spider:5)
  18 orc knights
  3 sixfirhies
  An orc sorcerer (Vaults:1)
  29 wolf spiders
  A manticore (shapeshifter) (Vaults:4)
  10 manticores
  30 ugly things
  5 fauns
  10 elephants
  A drowned soul (Shoals:5)
  5 water nymphs
  16 cyclopes
  An octopode (shapeshifter) (D:15)
  8 sirens
  2 torpor snails
  A smoke demon (Orc:4)
  11 vault sentinels
  2 black mambas
  An orange demon (Vaults:3)
  A queen ant (Lair:4)
  Psyche (D:8)
  2 kobold demonologists
  10 spiny frogs
  A yaktaur zombie (D:15)
  5 demonic crawlers
  13 komodo dragons
  A queen bee (Spider:5)
  25 yaktaurs
  A deep elf priest (Vaults:4)
  47 merfolk
  9 trolls
  7 freezing wraiths
  13 blink frogs
  2 tengu conjurers (D:14)
  A queen bee (shapeshifter) (Vaults:4)
  Sonja (D:12)
  9 polar bears
  14 wind drakes
  Grinder (D:4)
  15 two-headed ogres
  Prince Ribbit (D:8)
  3 fire drakes
  26 jumping spiders
  A blink frog (shapeshifter) (Vaults:2)
  3 ravens (D:14)
  29 slime creatures
  3 boulder beetles
  7 basilisks
  25 trapdoor spiders
  2 spriggans (Lair:7)
  38 air elementals (WizLab)
  11 snapping turtles
  A spriggan skeleton (D:15)
  2 wraiths
  37 redbacks
  A human (D:8)
  A spriggan (shapeshifter) (Vaults:3)
  3 deep elf magi
  A shadow (D:15)
  A deep troll skeleton (D:15)
  15 water elementals
  A hog (D:8)
  A hog (shapeshifter) (Vaults:4)
  23 tarantellas
  8 wyverns
  A hungry ghost (D:6)
  4 steam dragons
  26 yaks
  Eustachio (D:6)
  Grum (D:8)
  7 deep elf fighters
  30 wolves
  19 hippogriffs
  7 vampire mosquitoes
  14 wargs
  5 hell hounds
  4 mottled dragons
  11 water moccasins
  18 soldier ants
  2 soldier ants (shapeshifter)
  A human zombie (Vaults:1)
  14 porcupines
  35 orc warriors
  28 ogres
  A phantom (D:4)
  26 centaurs
  32 spiders
  13 black bears
  An eye of draining (D:13)
  4 yellow wasps
  26 crocodiles
  7 ice beasts
  3 sky beasts
  A boring beetle (Lair:8)
  3 big kobolds
  4 boggarts (Vaults:2)
  2 necrophages
  Blork the orc (D:4)
  A gnoll sergeant (D:8)
  19 giant frogs
  4 insubstantial wisps (WizLab)
  10 scorpions
  2 human simulacra (Vaults:1)
  37 killer bees
  A troll zombie (D:15)
  2 yak zombies
  3 electric eels
  11 wights
  The ghost of chequers the Poker, a weakling TeCK of Xom (D:3)
  8 crimson imps
  3 goliath beetles
  4 jellies
  A basilisk zombie (D:15)
  A centaur zombie (D:13)
  20 hounds
  A giant frog skeleton (D:6)
  31 orc priests
  35 orc wizards
  15 iguanas
  2 centaur skeletons
  An elf skeleton (D:8)
  3 quasits
  A spectral orc (D:10)
  A cyclops simulacrum (D:15)
  44 worker ants
  11 sheep
  An ogre zombie (Vaults:1)
  A killer bee zombie (D:6)
  Ijyb (D:4)
  An ogre skeleton (D:6)
  Terence (D:3)
  10 gnolls
  24 adders
  41 green rats
  2 orc skeletons
  4 shadow imps
  2 white imps
  A giant mite (D:9)
  5 worms
  2 iguana zombies
  7 giant geckos
  4 oozes
  174 orcs
  A ball python (D:2)
  A bat skeleton (D:6)
  16 goblins
  27 hobgoblins
  11 jackals
  12 quokkas
  10 bats
  5 giant cockroaches
  4 giant newts
  A giant spore (D:14)
  A goblin zombie (Orc:2)
  A hobgoblin skeleton (D:4)
  31 kobolds
  A kobold skeleton (D:6)
  2 orc simulacra (Orc:2)
  4 orc zombies
  16 rats
  3 ballistomycetes (D:14)
  4 bushes
  37 fungi
  107 plants
2111 creatures vanquished.

Vanquished Creatures (collateral kills)
  An air elemental (WizLab)
1 creature vanquished.

Vanquished Creatures (others)
  A ghost moth (Spider:5)
  Josephine (Orc:2)
  A sea snake (Shoals:3)
  A drowned soul (Shoals:2)
  A jumping spider (Spider:1)
  A sky beast (D:15)
  An ogre (shapeshifter) (Vaults:5)
  3 orcs (Orc:2)
  A goblin (Orc:1)
  3 fungi
  15 plants
29 creatures vanquished.

Grand Total: 2141 creatures vanquished

Notes
Turn   | Place    | Note
--------------------------------------------------------------
     0 | D:1      | Frogmyte, the High Elf Air Elementalist, began the quest for the Orb.
     0 | D:1      | Reached XP level 1. HP: 11/11 MP: 4/4
   171 | D:1      | Reached skill level 4 in Air Magic
   313 | D:1      | Reached XP level 2. HP: 17/17 MP: 4/6
  1312 | D:2      | Reached XP level 3. HP: 21/21 MP: 8/8
  1483 | D:2      | Found a basalt altar of Yredelemnul.
  1483 | D:2      | Found a deep blue altar of Sif Muna.
  1821 | D:2      | Reached XP level 4. HP: 27/27 MP: 11/11
  1927 | D:3      | Reached skill level 5 in Air Magic
  2035 | D:3      | Found a glowing silver altar of Zin.
  2042 | D:3      | Noticed Terence
  2051 | D:3      | Killed Terence
  2252 | D:3      | Noticed chequers' ghost (weakling TeCK)
  2274 | D:3      | Killed chequers' ghost
  2274 | D:3      | Reached XP level 5. HP: 19/31 MP: 12/12
  2618 | D:4      | Found Judd's Antique Armour Emporium.
  2618 | D:4      | Noticed Ijyb
  2637 | D:4      | Reached skill level 5 in Dodging
  2637 | D:4      | Killed Ijyb
  2637 | D:4      | Reached skill level 6 in Air Magic
  2645 | D:4      | Reached XP level 6. HP: 29/36 MP: 12/15
  2666 | D:4      | Bought a runed leather armour for 48 gold pieces
  2689 | D:4      | Got an opalescent robe
  2931 | D:4      | Noticed a phantom
  2943 | D:4      | Killed a phantom
  3209 | D:4      | Noticed Blork the orc
  3214 | D:4      | Learned a level 2 spell: Swiftness
  3217 | D:4      | Learned a level 2 spell: Repel Missiles
  3221 | D:4      | Learned a level 3 spell: Static Discharge
  3239 | D:4      | Killed Blork the orc
  3239 | D:4      | Reached skill level 7 in Air Magic
  3365 | D:4      | Noticed Grinder
  3370 | D:4      | Paralysed by Grinder for 2 turns
  3375 | D:4      | Killed Grinder
  3375 | D:4      | Reached XP level 7. HP: 36/41 MP: 17/17
  3428 | D:5      | Entered Level 5 of the Dungeon
  3483 | D:5      | Reached skill level 8 in Air Magic
  3782 | D:5      | Found a bloodstained altar of Trog.
  3803 | D:5      | Found a staircase to the Ecumenical Temple.
  3835 | Temple   | Entered the Ecumenical Temple
  3988 | Temple   | Became a worshipper of Qazlal Stormbringer
  4354 | D:5      | Found an iron altar of Okawaru.
  4614 | D:5      | Identified the +1 robe of Iwkulurph {rF+ rN+ Int-1 SInv} (You found it on level 4 of the Dungeon)
  4746 | D:6      | Found Gozag's Nutrition Petition.
  4749 | D:6      | Found an opulent altar of Gozag.
  4912 | D:6      | Found a sparkling altar of Nemelex Xobeh.
  4919 | D:6      | Noticed Eustachio
  4928 | D:6      | Killed Eustachio
  4928 | D:6      | Reached XP level 8. HP: 46/46 MP: 18/18
  5285 | D:6      | Reached skill level 9 in Air Magic
  5355 | D:6      | Found a shadowy altar of Dithmenos.
  5355 | D:6      | Found a radiant altar of Vehumet.
  5941 | D:7      | Reached skill level 5 in Conjurations
  5987 | D:7      | Acquired Qazlal's first power
  6065 | D:7      | Reached skill level 10 in Air Magic
  6174 | D:7      | Learned a level 5 spell: Lightning Bolt
  6402 | D:7      | Found Smieh's Assorted Antiques.
  6471 | D:7      | Bought a scratched golden ring for 110 gold pieces
  6471 | D:7      | Bought a green potion for 19 gold pieces
  6471 | D:7      | Bought a potion of heal wounds for 66 gold pieces
  6472 | D:7      | Bought a scroll labeled COUWUY DAVA for 22 gold pieces
  6472 | D:7      | Bought a green potion for 19 gold pieces
  6677 | D:7      | Reached XP level 9. HP: 51/51 MP: 22/22
  6806 | D:8      | Noticed Grum
  6811 | D:8      | Killed Grum
  6819 | D:8      | Reached skill level 5 in Spellcasting
  7004 | D:8      | Acquired Qazlal's second power
  7221 | D:8      | Noticed Prince Ribbit
  7224 | D:8      | Noticed Psyche
  7234 | D:8      | Killed Psyche
  7251 | D:8      | Killed Prince Ribbit
  7482 | D:8      | Reached XP level 10. HP: 51/56 MP: 21/28
  7524 | D:8      | Noticed a komodo dragon
  7535 | D:8      | Killed a komodo dragon
  7757 | D:8      | Noticed a komodo dragon
  7758 | D:8      | Killed a komodo dragon
  7759 | D:8      | Found a staircase to the Lair.
  8140 | D:9      | Reached skill level 10 in Conjurations
  8406 | D:9      | Acquired Qazlal's third power
  8411 | D:9      | Reached skill level 10 in Spellcasting
  8716 | D:9      | Found a bloodstained altar of Trog.
  8975 | D:9      | Found a deep blue altar of Sif Muna.
  9320 | D:10     | Entered Level 10 of the Dungeon
  9358 | D:10     | Reached XP level 11. HP: 61/61 MP: 5/31
  9359 | D:10     | Noticed Erolcha
  9364 | D:10     | Noticed Nergalle
  9368 | D:10     | Noticed a spectral orc warlord
  9474 | D:10     | Acquired Qazlal's fourth power
  9695 | D:10     | Killed Erolcha
  9695 | D:10     | Reached skill level 10 in Dodging
  9803 | D:10     | Noticed a spectral orc warlord
  9808 | D:10     | Killed Nergalle
 10106 | D:4      | Bought a heavily runed helmet for 228 gold pieces
 10145 | D:4      | Identified the cursed -2 helmet "Hyxumij" {rC+ MR++ Stlth++} (You bought it in a shop on level 4 of the Dungeon)
 10403 | Lair:1   | Entered Level 1 of the Lair of Beasts
 10431 | Lair:1   | Noticed Fannar
 10442 | Lair:1   | Reached skill level 11 in Dodging
 10467 | Lair:1   | Killed Fannar
 10537 | Lair:1   | Learned a level 3 spell: Flight
 10616 | Lair:1   | Reached skill level 12 in Dodging
 10941 | Lair:1   | Noticed an eight-headed hydra
 10947 | Lair:1   | Killed an eight-headed hydra
 11077 | Lair:1   | You fall through a shaft!
 11192 | Lair:1   | Reached skill level 13 in Dodging
 11620 | Lair:2   | Reached XP level 12. HP: 37/66 MP: 27/32
 12557 | Lair:3   | Acquired Qazlal's fifth power
 12705 | Lair:3   | Found a hole to the Spider Nest.
 13189 | Lair:3   | HP: 1/66 [spiny frog (22)]
 13838 | Lair:4   | Noticed Snorg
 13859 | Lair:3   | Killed Snorg
 14638 | D:4      | Bought a polished leather armour for 168 gold pieces
 14657 | D:4      | Identified the +0 leather armour of the Mutiny {+Fly rN+} (You bought it in a shop on level 4 of the Dungeon)
 15053 | D:11     | Found a glowing golden altar of the Shining One.
 15072 | D:11     | Noticed chequers' ghost (powerful TrMo)
 15164 | D:11     | Noticed Urug
 15247 | D:11     | Killed Urug
 15593 | D:12     | Reached skill level 1 in Fighting
 15594 | D:12     | Reached XP level 13. HP: 70/74 MP: 24/35
 15911 | D:12     | Got a polished long sword
 15912 | D:12     | Identified the cursed +2 long sword of Wrongful Imprisonment {slice, rF++ rC++ Str-4} (You found it on level 12 of the Dungeon)
 15941 | D:12     | Noticed Sonja
 15943 | D:12     | Killed Sonja
 16009 | D:12     | Reached skill level 5 in Fighting
 16380 | D:12     | Reached skill level 1 in Invocations
 17249 | D:11     | Found a staircase to the Orcish Mines.
 17286 | D:11     | Found a roughly hewn altar of Beogh.
 17322 | Orc:1    | Entered Level 1 of the Orcish Mines
 17339 | D:11     | Reached skill level 5 in Invocations
 17658 | Orc:2    | Noticed Erica
 17664 | Orc:2    | Killed Erica
 17674 | Orc:2    | Noticed Josephine
 17829 | Orc:2    | Killed Josephine
 18469 | D:7      | Bought a runed lajatang for 330 gold pieces
 18469 | D:7      | Bought a scroll of teleportation for 66 gold pieces
 18469 | D:7      | Bought a potion of heal wounds for 66 gold pieces
 18469 | D:7      | Bought a scroll of identify for 44 gold pieces
 18554 | D:7      | Bought a glowing leather armour for 44 gold pieces
 19228 | Lair:4   | Reached skill level 1 in Staves
 20027 | Lair:4   | Found a staircase to the Shoals.
 20272 | Lair:5   | Noticed Rupert
 20273 | Lair:5   | Reached skill level 5 in Staves
 20397 | Lair:5   | Killed Rupert
 20397 | Lair:5   | Reached XP level 14. HP: 48/90 MP: 5/36
 22909 | Lair:8   | Entered Level 8 of the Lair of Beasts
 23131 | Lair:8   | Reached skill level 10 in Staves
 23974 | Lair:8   | Found a staircase to the Slime Pits.
 24761 | Orc:2    | Found Kolih's Assorted Antiques.
 24832 | Orc:2    | Bought a potion of curing for 48 gold pieces
 24832 | Orc:2    | Bought a scroll of teleportation for 72 gold pieces
 24836 | Orc:2    | Found a shimmering altar of Xom.
 24920 | Orc:2    | Noticed Harold
 25111 | Orc:2    | Killed Harold
 25111 | Orc:2    | Reached XP level 15. HP: 91/94 MP: 35/37
 25736 | Orc:4    | Entered Level 4 of the Orcish Mines
 25957 | Orc:4    | Found Isaorcha's Food Shop.
 26069 | Orc:4    | Found a staircase to the Elven Halls.
 26830 | Orc:4    | Found Inot's Book Emporium.
 26831 | Orc:4    | Found Dauma's Gadget Emporium.
 26831 | Orc:4    | Found Khumatweth's Distillery.
 26832 | Orc:4    | Found Skuvvil's General Store.
 26845 | Orc:4    | Bought a potion of haste for 84 gold pieces
 26845 | Orc:4    | Bought a potion of haste for 84 gold pieces
 26845 | Orc:4    | Bought a potion of berserk rage for 36 gold pieces
 26845 | Orc:4    | Bought a potion of might for 30 gold pieces
 26845 | Orc:4    | Bought a potion of heal wounds for 36 gold pieces
 26845 | Orc:4    | Bought a potion of curing for 24 gold pieces
 26845 | Orc:4    | Bought a potion of agility for 30 gold pieces
 26846 | Orc:4    | Bought a potion of lignification for 24 gold pieces
 26848 | Orc:4    | Bought a scroll of enchant armour for 120 gold pieces
 26848 | Orc:4    | Bought a potion of curing for 32 gold pieces
 26848 | Orc:4    | Bought a potion of curing for 32 gold pieces
 26860 | Orc:4    | Bought a book of Ice for 780 gold pieces
 26874 | Orc:4    | Learned a level 6 spell: Freezing Cloud
 27022 | Orc:2    | Bought a runed cloak for 108 gold pieces
 27404 | D:11     | Killed chequers' ghost
 28623 | D:14     | Reached skill level 14 in Staves
 28672 | D:14     | Reached skill level 1 in Ice Magic
 28782 | D:14     | Found a gate to the Vaults.
 28834 | D:14     | Reached skill level 5 in Ice Magic
 29212 | D:15     | Entered Level 15 of the Dungeon
 29305 | D:15     | Found a staircase to the Depths.
 30336 | D:15     | Gained mutation: Your flesh is heat resistant. [potion of beneficial mutation]
 30743 | Shoals:1 | Entered Level 1 of the Shoals
 30743 | Shoals:1 | Noticed Donald
 30852 | Lair:4   | Killed Donald
 30996 | Shoals:1 | Noticed an octopode crusher
 31061 | Shoals:1 | Killed an octopode crusher
 31061 | Shoals:1 | Reached XP level 16. HP: 40/99 MP: 20/38
 31209 | Shoals:1 | Noticed an octopode crusher
 31297 | Shoals:1 | Killed an octopode crusher
 31297 | Shoals:1 | Reached skill level 10 in Ice Magic
 32448 | Shoals:2 | Reached skill level 10 in Invocations
 32888 | Shoals:2 | Noticed Asterion
 32909 | Shoals:2 | Killed Asterion
 33663 | Shoals:3 | Noticed Polyphemus
 33729 | Shoals:3 | Killed Polyphemus
 34614 | Shoals:3 | Learned a level 2 spell: Blink
 34876 | Shoals:4 | Noticed Frances
 34880 | Shoals:4 | Noticed Mara
 34885 | Shoals:4 | Noticed Frogmyte's illusion
 34890 | Shoals:3 | Killed Frances
 35329 | Shoals:4 | Noticed Frogmyte's illusion
 35331 | Shoals:4 | Killed Mara
 35331 | Shoals:4 | Reached XP level 17. HP: 93/105 MP: 14/38
 35721 | Shoals:4 | Got a pair of ancient gloves
 35732 | Shoals:4 | Identified the cursed -3 pair of gloves of the Shore {+Fly} (You found it on level 4 of the Shoals)
 35965 | Shoals:5 | Entered Level 5 of the Shoals
 35991 | Shoals:5 | Noticed Ilsuiw
 36207 | Shoals:5 | Killed Ilsuiw
 36207 | Shoals:5 | Reached skill level 15 in Invocations
 36831 | Shoals:5 | Noticed Jorgrun
 37168 | Shoals:5 | Killed Jorgrun
 37254 | Shoals:5 | Reached skill level 16 in Invocations
 37330 | Shoals:5 | Got an ancient quarterstaff
 37331 | Shoals:5 | Identified the +5 quarterstaff of Exquisite Torment {crush, rF++ SInv} (You found it on level 5 of the Shoals)
 37371 | Shoals:5 | Got a steaming granite ring
 37378 | Shoals:5 | Identified the ring of Vetios {Str+4 Dex+4 Stlth-} (You found it on level 5 of the Shoals)
 38311 | Shoals:5 | Got a barnacled rune of Zot
 38338 | Shoals:5 | Got a transparent cloak
 38349 | Shoals:5 | Identified the +2 cloak "Brus" {rC+ rCorr Dex-2 Stlth+} (You found it on level 5 of the Shoals)
 38507 | Lair:4   | Reached skill level 17 in Invocations
 38976 | Vaults:1 | Entered Level 1 of the Vaults
 39241 | Vaults:1 | Paralysed by an ogre mage for 7 turns
 39267 | Vaults:1 | Found a magical portal.
 39353 | WizLab   | Entered The Chambers of Karask the Cloud Mage
 39531 | WizLab   | Reached skill level 18 in Invocations
 40079 | WizLab   | Identified Etiurasai's Tome of Damaging Feathers
 40081 | WizLab   | Identified the Reference Book on Feathery Summoning
 40101 | WizLab   | Identified the Tome of Destructive Flight
 40462 | Vaults:1 | Reached XP level 18. HP: 110/110 MP: 33/39
 41098 | Vaults:1 | Reached skill level 19 in Invocations
 41124 | Vaults:1 | Reached skill level 1 in Armour
 41806 | Vaults:2 | Reached skill level 5 in Armour
 43876 | Vaults:3 | Reached skill level 10 in Armour
 43883 | Vaults:3 | Reached XP level 19. HP: 111/116 MP: 20/40
 45196 | Vaults:3 | Found a staircase to the Crypt.
 45621 | Vaults:3 | Reached skill level 10 in Fighting
 46763 | Vaults:4 | Learned a level 6 spell: Deflect Missiles
 46874 | Vaults:4 | Reached skill level 15 in Dodging
 47731 | Vaults:5 | Entered Level 5 of the Vaults
 47735 | Vaults:5 | Reached XP level 20. HP: 104/132 MP: 20/40
 47748 | Vaults:5 | Noticed Boris
 48565 | Lair:1   | Learned a level 6 spell: Poisonous Cloud
 48627 | Spider:1 | Entered Level 1 of the Spider Nest
 48651 | Spider:1 | Reached skill level 1 in Poison Magic
 49515 | Spider:2 | Noticed Nessos
 49530 | Spider:2 | Killed Nessos
 53092 | Spider:5 | Entered Level 5 of the Spider Nest
 55035 | Spider:5 | Reached skill level 15 in Air Magic
 55915 | Spider:5 | Got a gossamer rune of Zot
 56299 | Lair:1   | Learned a level 8 spell: Chain Lightning
 57636 | Vaults:5 | HP: 1/132 [tentacled monstrosity (12)]
 57637 | Vaults:5 | Noticed an ancient lich
 57639 | Vaults:5 | Reached XP level 21. HP: 68/137 MP: 35/41
 57649 | Vaults:5 | Mangled by a war gargoyle

Action                   |  1- 3 |  4- 6 |  7- 9 | 10-12 | 13-15 | 16-18 | 19-21 || total
-------------------------+-------+-------+-------+-------+-------+-------+-------++-------
Melee: Unarmed           |     5 |       |       |       |       |       |     5 ||    10
       Dagger            |       |    37 |    70 |       |       |       |       ||   107
       Quarterstaff      |       |       |    11 |   500 |   172 |       |       ||   683
       Hand axe          |       |       |     6 |       |       |       |       ||     6
       Lajatang          |       |       |       |       |  1539 |  1247 |   846 ||  3632
       Scimitar          |       |       |       |       |     6 |       |       ||     6
       Long sword        |       |       |       |       |     2 |     5 |       ||     7
       Staff             |       |       |       |       |       |       |   308 ||   308
 Cast: Shock             |    91 |   126 |   237 |   110 |   191 |   104 |     9 ||   868
       Repel Missiles    |       |     1 |     2 |     1 |       |       |       ||     4
       Lightning Bolt    |       |       |    25 |   164 |   229 |    54 |    44 ||   516
       Swiftness         |       |       |       |     4 |     2 |       |     1 ||     7
       Static Discharge  |       |       |       |     8 |     4 |     2 |     7 ||    21
       Freezing Cloud    |       |       |       |       |    25 |   213 |    93 ||   331
       Flight            |       |       |       |       |       |     7 |     3 ||    10
       Blink             |       |       |       |       |       |     1 |     3 ||     4
       Poisonous Cloud   |       |       |       |       |       |       |    95 ||    95
       Deflect Missiles  |       |       |       |       |       |       |     2 ||     2
Invok: Upheaval          |       |       |       |       |    23 |       |     1 ||    24
       Elemental Force   |       |       |       |       |       |     1 |       ||     1
       Disaster Area     |       |       |       |       |       |       |     3 ||     3
Evoke: Wand              |       |       |     2 |     5 |    18 |    10 |    14 ||    49
  Use: Scroll            |     7 |     3 |    11 |    13 |    24 |     9 |    20 ||    87
       Potion            |       |     2 |     2 |     8 |     7 |     2 |    15 ||    36
 Stab: Sleeping          |       |       |     2 |       |       |       |       ||     2
       Fleeing           |       |       |       |       |     1 |       |       ||     1
  Eat: Chunk             |     3 |     5 |    20 |    32 |   110 |   100 |    63 ||   333
       Fruit             |       |       |     1 |     4 |       |     1 |     6 ||    12
       Pizza             |       |       |     1 |       |       |       |     1 ||     2
       Royal jelly       |       |       |       |     2 |       |       |       ||     2
       Meat ration       |       |       |       |     2 |       |       |     3 ||     5
       Bread ration      |       |       |       |     2 |       |       |     1 ||     3
       Beef jerky        |       |       |       |       |     4 |     4 |     3 ||    11
